 Dungeon Crawl Stone Soup version 0.28.0 (webtiles) character file.

Game seed: 13635466642268313962

9 zeram the Grave Robber (level 2, -1/20 HPs)
             Began as a Ghoul Necromancer on Feb 5, 2022.
             Slain by a goblin (4 damage)
             ... on level 1 of the Dungeon.
             The game lasted 00:00:39 (242 turns).

zeram the Grave Robber (Ghoul Necromancer)           Turns: 242, Time: 00:00:40

Health: -1/20      AC:  2    Str: 11    XL:     2   Next: 12%
Magic:  3/3        EV: 12    Int: 10    God:
Gold:   18         SH:  0    Dex:  9    Spells: 3/4 levels left

rFire   . . .      SeeInvis .   (no weapon)
rCold   + . .      Faith    .   (no shield)
rNeg    + + +      Spirit   .   a - +0 robe
rPois   ∞          Reflect  .   (no helmet)
rElec   .          Harm     .   (no cloak)
rCorr   .          Rampage  .   (no gloves)
Will    .....                   (no boots)
Stlth   ++........              (no amulet)
HPRegen 0.00/turn               (no ring)
MPRegen 0.08/turn               (no ring)

@: inhibited regen
A: claws 1, cold resistance 1, negative energy resistance 3, inhibited
regeneration, torment resistance 2
a: no special abilities


You were on level 1 of the Dungeon.
You visited 1 branch of the dungeon, and saw 1 of its levels.

You collected 18 gold pieces.

Inventory:

Armour
 a - a +0 robe (worn)


   Skills:
 + Level 1.8 Dodging
 + Level 2.2 Stealth
 + Level 0.2 Unarmed Combat
 + Level 1.8 Spellcasting
 + Level 4.3 Necromancy


You had 3 spell levels left.
You knew the following spells:

 Your Spells              Type           Power      Damage    Failure   Level
a - Pain                  Necr           36%        1d5       5%          1

Your spell library contained the following spells:

 Spells                   Type           Power      Damage    Failure   Level
 Animate Skeleton         Necr           18%        N/A       5%          1
 Vampiric Draining        Necr           9%         2d6       16%         3
 Animate Dead             Necr           4%         N/A       47%         4
 Agony                    Necr           9%         N/A       83%         5


Dungeon Overview and Level Annotations

Branches:
Dungeon (1/15)

Altars:

Shops:
D:1 *


Innate Abilities, Weirdness & Mutations

You thrive by killing the living.
You are immune to poison.
You have sharp fingernails.
Your flesh is cold resistant. (rC+)
You are immune to negative energy. (rN+++)
You do not regenerate when monsters are visible.
You are immune to unholy pain and torment.


Message History

Confirm with . or Enter, or press ? or * to list all spells.
You don't have enough magic to cast this spell.
Unknown command.
You scratch the endoplasm.
You kill the endoplasm!
No target in view!
You see here a +0 robe.
A goblin comes into view. It is wielding a +0 club.
A goblin is nearby!
A goblin is nearby!
A goblin is nearby!
The goblin shouts!
You scratch the goblin but do no damage.
The goblin hits you but does no damage.
You barely miss the goblin. The goblin completely misses you.
The goblin hits you but does no damage. The goblin hits you but does no damage.
The goblin barely misses you. The goblin closely misses you.
The goblin hits you with a +0 club. The goblin hits you with a +0 club.
The goblin hits you with a +0 club. The goblin barely misses you.
The goblin hits you with a +0 club. The goblin misses you.
The goblin hits you with a +0 club. The goblin hits you with a +0 club.
The goblin barely misses you. The goblin hits you with a +0 club.
* * * LOW HITPOINT WARNING * * *
The goblin hits you but does no damage. The goblin misses you.
The goblin hits you with a +0 club.
* * * LOW HITPOINT WARNING * * *
The goblin misses you. The goblin hits you with a +0 club.
* * * LOW HITPOINT WARNING * * *
The goblin hits you but does no damage. The goblin hits you with a +0 club.
You die...

#.....# #.....##.#
######.....##.#
#..........##.#
.#.#........##.# #
.............#.#.#
.#.#....#.####.#.####
#..#.#....#...##.g....#
..#.#....#.#[##@#
#.#.#....#.#....#
#........#.######
##...#...##.#
....†#...##.#
#.........# #.........#
###.........#
#...[.#####..#


You could see a goblin.

Vanquished Creatures
  A dart slug (D:1)
  An endoplasm (D:1)
  A giant cockroach (D:1)
  A hobgoblin (D:1)
  A quokka (D:1)
  A rat (D:1)
6 creatures vanquished.

Notes
Turn   | Place    | Note
-------+----------+-------------------------------------------
     0 | D:1      | zeram the Ghoul Necromancer began the quest for the Orb.
     0 | D:1      | Reached XP level 1. HP: 14/14 MP: 2/2
    66 | D:1      | Found Jeutei's General Store.
   131 | D:1      | Reached XP level 2. HP: 20/20 MP: 0/3
   242 | D:1      | Slain by a goblin

Illustrated notes

Levels and vault maps discovered:
D:1:      minmay_arrival_up_and_down, layout_basic,
          nicolae_ecumenical_snake_handling, serial_shops,
          nicolae_shop_hallway_stairs

Action                   || total
-------------------------++-------
Melee: Unarmed           ||    12
 Cast: Pain              ||    11
Armor: Robe              ||     6
Dodge: Dodged            ||    14
